cohdb
Replays
Latest Replays
All Replays
Popular Replays
Top Player Replays
Match Explorer
How It Works
Community
CoH3 Stats
Reddit
Sign in to upload your games and track your stats! →
Sign in with Steam
Match 38355858
Unlisted
Match 38355858
Overview
Messages
Build Orders
End
Kradschützen Motorcycle Team
Panzergrenadier Squad
Panzergrenadier Squad
Construct Light Support Kompanie
MG34 Team
Selects Italian Infantry
Selects Italian Infantry
Fire Support Elements
Pak 38 Mechanized Group
Selects Guastatori Squad
Guastatori Squad
Veteran Squad Leaders
Flakvierling Half-track
Selects Defensive Operations
2.5-tonne Medical Truck
Vehicle Survival Package
Pak 38 Mechanized Group
Selects Prepared Positions
Construct Panzerarmee Kommand
Guastatori Squad
Selects Obice 305mm Barrage
Selects L6/40 Light Tank Combat Group
Walking Stuka Rocket Launcher
Panzer III L Medium Tank
Selects Towed Cannone da 105/28 Field Howitzer
Obice 305mm Barrage
Obice 305mm Barrage
nub
FutureNP
a_rotator
sharpshooter
0
0
Comments
sign in to comment!
No comments posted yet!